 Dungeon Crawl Stone Soup version 0.19.1-1-g22dce08 (webtiles) character file.

47 Kiturien the Insei (level 3, -3/23 HPs)
             Began as an Octopode Transmuter on Jan 14, 2017.
             Slain by an adder (4 damage)
             ... on level 2 of the Dungeon.
             The game lasted 00:05:00 (1329 turns).

Kiturien the Insei (Octopode Transmuter)            Turns: 1329, Time: 00:05:01

Health: -3/23      AC:  1    Str: 10    XL:     3   Next: 70%
Magic:  6/6        EV: 13    Int: 15    God:
Gold:   85         SH:  0    Dex: 12    Spells: 1 memorised, 5 levels left

rFire  + . .     SeeInvis .     e - +0 hand axe
rCold  x . .     Gourm    .     (no shield)
rNeg   . . .     Faith    .     (helmet restricted)
rPois  .         Spirit   .     (no amulet)
rElec  .         Reflect  .     j - ring of fire
rCorr  .         Harm     .     (no ring)
MR     .....                    (no ring)
Stlth  +++.......               (no ring)
                                (no ring)
                                (no ring)
                                (no ring)
                                (no ring)

@: no status effects
A: almost no armour, stealthy swim, amphibious, 8 rings, constrict 8, camouflage
1, gelatinous body 1
a: no special abilities


You were on level 2 of the Dungeon.
You were very hungry.

You visited 1 branch of the dungeon, and saw 2 of its levels.

You collected 85 gold pieces.

Inventory:

Hand Weapons
 e - a +0 hand axe (weapon)
Missiles
 a - 12 arrows
Jewellery
 j - a ring of fire (left tentacle)
Scrolls
 g - 2 scrolls of amnesia
 h - 2 scrolls of teleportation {unknown}
Potions
 f - a potion of curing
Books
 b - a book of Changes

   Spells                             Type                      Level
   a - Beastly Appendage              Transmutation                1
   b - Sticks to Snakes               Transmutation                2
   c - Spider Form                    Transmutation/Poison         3
   d - Ice Form                       Ice/Transmutation            4
   e - Blade Hands                    Transmutation                5
Comestibles
 c - 2 bread rations


   Skills:
 + Level 1.1 Fighting
 + Level 0.2 Axes
 + Level 2.3 Dodging
 + Level 1.1 Stealth
 + Level 3.6 Unarmed Combat
 + Level 2.2 Spellcasting
 + Level 2.4 Transmutations


You had 5 spell levels left.
You knew the following spells:

 Your Spells              Type           Power        Failure   Level  Hunger
a - Beastly Appendage     Tmut           #.....       12%         1    #......


Dungeon Overview and Level Annotations

Branches:
Dungeon (2/15)

Altars:


Innate Abilities, Weirdness & Mutations

You cannot wear most types of armour.
You are very stealthy in the water. (Stealth+)
You are amphibious.
You can wear up to eight rings at the same time.
You can use your tentacles to constrict eight enemies at once.
Your skin changes colour to match your surroundings (Stealth+).
Your rubbery body absorbs attacks. (AC +1, EV +1)


Message History

Your tentacle-slap misses the adder.
You barely miss the giant cockroach. The adder barely misses you.
The giant cockroach barely misses you. The adder closely misses you.
You closely miss the adder. Your grab misses the adder.
You hit the giant cockroach. The giant cockroach bites you.
The adder bites you.
* * * LOW HITPOINT WARNING * * *
The giant cockroach bites you.
* * * LOW HITPOINT WARNING * * *
The adder closely misses you.
You hit the adder. Your grab misses the adder.
The adder is lightly wounded.
You hit the giant cockroach but do no damage.
The adder completely misses you. The giant cockroach bites you.
* * * LOW HITPOINT WARNING * * *
You hit the adder but do no damage. Your grab misses the adder.
The adder is lightly wounded.
You hit the giant cockroach but do no damage.
The adder bites you.
You die...

...> #.####
.###.#. #....
...... #... #....
#.. #....
##.##### #....
#......#
#....###....<.#
#......).@....#
...#.#####sS....#
.......#......#
.S..g..<.>....#
<.............#
..............#
..............#
........#..####
S.......#..#


You could see an adder and a giant cockroach.

Vanquished Creatures
  An adder (D:2)
  A dart slug (D:1)
  A leopard gecko (D:1)
  A giant cockroach (D:1)
  4 goblins (D:1)
  6 hobgoblins
  8 kobolds (D:1)
  5 bats (D:1)
  2 frilled lizards (D:1)
  4 rats (D:1)
33 creatures vanquished.

Notes
Turn   | Place    | Note
-------+----------+-------------------------------------------
     0 | D:1      | Kiturien the Octopode Transmuter began the quest for the Orb.
     0 | D:1      | Reached XP level 1. HP: 13/13 MP: 3/3
   308 | D:1      | Reached XP level 2. HP: 18/18 MP: 5/5
   750 | D:1      | Reached XP level 3. HP: 23/23 MP: 6/6
  1323 | D:2      | Reached skill level 1 in Stealth
  1328 | D:2      | HP: 1/23 [giant cockroach (1)]
  1329 | D:2      | Slain by an adder

Skill      XL: |  1  2  3 |
---------------+----------+-----
Stealth        | 1 |  1.1
Fighting       | |  1.1
Axes           | |  0.2
Dodging        | |  2.3
Unarmed Combat | |  3.6
Spellcasting   | |  2.2
Transmutations | |  2.4

Action                   || total
-------------------------++-------
Melee: Unarmed           ||    28
       Constrict         ||    24
       Tentacles         ||    10
       Hand axe          ||    44
       Kick              ||     2
       Punch             ||     4
 Cast: Beastly Appendage ||     2
  Use: Scroll            ||     2
       Potion            ||     1
 Stab: Sleeping          ||     2
Armor: Skin              ||    12
Dodge: Dodged            ||    60
